 Dungeon Crawl Stone Soup version 0.27-a0-679-g77a6b55cf3 (webtiles) character file.

Game seed: 1906301029123981430

22070 funkygono the Basher (level 12, -4/76 HPs)
             Began as a Gargoyle Fighter on Mar 17, 2021.
             Was a Priest of Makhleb.
             Killed from afar by Fannar (7 damage)
             ... with a bolt of cold
             ... on level 3 of the Lair of Beasts on Mar 18, 2021.
             The game lasted 00:33:12 (14365 turns).

funkygono the Basher (Gargoyle Fighter)            Turns: 14365, Time: 00:33:13

Health: -4/76      AC: 33    Str: 23    XL:     12   Next: 96%
Magic:  0/17       EV:  8    Int:  9    God:    Makhleb [***...]
Gold:   2016       SH: 13    Dex: 11    Spells: 11/11 levels left

rFire    . . .     SeeInvis .   y - +4 mace (freeze)
rCold    . . .     Faith    .   c - +0 kite shield
rNeg     + . .     Spirit   +   u - +0 shadow dragon scales
rPois    ∞         Reflect  .   a - +1 helmet
rElec    +         Harm     .   r - +0 cloak
rCorr    .         Rampage  .   f - +1 pair of gloves
Will     .....                  (no boots)
Stlth    ++........             b - amulet of guardian spirit
HPRegen  0.22/turn              t - +4 ring of protection
MPRegen  0.15/turn              F - ring of wizardry

@: no status effects
A: AC +8, negative energy resistance 1, electricity resistance, torment
resistance 1, unbreathing 1, petrification resistance
a: Renounce Religion, Minor Destruction, Lesser Servant of Makhleb


You were on level 3 of the Lair of Beasts.
You worshipped Makhleb.
Makhleb was most pleased with you.
You visited 2 branches of the dungeon, and saw 12 of its levels.

You collected 2016 gold pieces.

Inventory:

Hand Weapons
 m - a +0 mace of draining
 y - a +4 mace of freezing (weapon)
Missiles
 d - 71 bolts
Armour
 a - a +1 helmet (worn)
 c - a +0 kite shield (worn)
 f - a +1 pair of gloves (worn)
 r - a +0 cloak (worn)
 u - +0 shadow dragon scales (worn)
Jewellery
 b - an amulet of guardian spirit (around neck)
 t - a +4 ring of protection (right hand)
 F - a ring of wizardry (left hand)
Wands
 e - a wand of charming (5)
 h - a wand of paralysis (5)
 i - a wand of digging (12)
 p - a wand of polymorph (12)
 E - a wand of acid (7)
 G - a wand of flame (15)
Scrolls
 l - 2 scrolls of amnesia
 o - a scroll of brand weapon
 s - 7 scrolls of teleportation
 z - a scroll of fear
 B - 2 scrolls of magic mapping
 H - 2 scrolls of identify
Potions
 g - 3 potions of heal wounds
 j - a potion of brilliance
 k - a potion of might
 n - 2 potions of flight
 q - a potion of invisibility
 v - 3 potions of curing
 w - 2 potions of lignification
 x - a potion of haste
 A - a potion of attraction
 D - a potion of magic
Miscellaneous
 C - a box of beasts


   Skills:
 + Level 9.3 Fighting
 + Level 12.2 Maces & Flails
 + Level 9.2 Armour
 + Level 3.2 Dodging
 + Level 11.9 Shields
 + Level 7.6 Invocations
 + Level 1.8 Evocations


You had 11 spell levels left.
You didn't know any spells.
Your spell library contained the following spells:

 Spells                   Type           Power      Damage    Failure   Level
 Animate Skeleton         Necr           0%         N/A       77%         1
 Pain                     Necr           0%         1d4       77%         1
 Confusing Touch          Hex            0%         N/A       98%         3
 Gell's Gravitas          Tloc           0%         N/A       98%         3
 Vampiric Draining        Necr           0%         2d6       98%         3
 Animate Dead             Necr           0%         N/A       100%        4
 Petrify                  Tmut/Erth      0%         N/A       100%        4
 Agony                    Necr           0%         N/A       100%        5
 Metabolic Englaciation   Hex/Ice        0%         N/A       100%        5
 Yara's Violent Unravell  Hex/Tmut       0%         3d3       100%        5


Dungeon Overview and Level Annotations

Branches:
Dungeon (9/15)             Temple (0/1) D:7            Lair (3/6) D:9
  Swamp: Lair:2-4    Shoals: Lair:2-4     Snake: Lair:2-4    Spider: Lair:2-4
    Orc: D:9-12

Altars:
Ashenzari
Cheibriados
Elyvilon
Gozag
Kikubaaqudgha
Makhleb
Nemelex Xobeh
Qazlal
Ru
Vehumet
Xom

Shops:
D:4 =

Annotations:
D:4 3 runed translucent doors, Tramtrist's ghost, amateur DDFi; p0werm0de's ghost, amateur GrFi
D:8 1 transporter
Lair:3 Fannar


Innate Abilities, Weirdness & Mutations

Your stone body is resilient. (AC +8)
You are immune to poison.
You resist negative energy. (rN+)
You are resistant to electric shocks. (rElec)
You are resistant to unholy torment.
You can survive without breathing.
You are immune to petrification.


Message History

You barely miss the ice beast.
The ice beast is heavily wounded.
Fannar casts a spell at you.
The bolt of cold hits the ice beast.
The ice beast completely resists.
The bolt of cold hits you but does no damage.
The ice beast barely misses you.
You hit the ice beast.
The ice beast is severely wounded.
The ice beast misses you.
You sock the ice beast!
The ice beast is almost dead.
You closely miss the ice beast.
The ice beast is almost dead.
You block the ice beast's attack.
You hit the ice beast but do no damage.
The ice beast is almost dead.
You block the ice beast's attack.
You closely miss the ice beast.
The ice beast is almost dead.
Fannar casts a spell at you.
The bolt of cold hits the ice beast.
The ice beast completely resists.
The bolt of cold hits you.
The ice beast hits you but does no damage.
Unknown command.
You hit the ice beast but do no damage.
The ice beast is almost dead.
Fannar points at you and mumbles some strange words.
The bolt of cold hits the ice beast.
The ice beast completely resists.
The bolt of cold hits you!!
* * * LOW HITPOINT WARNING * * *
The ice beast hits you but does no damage.
A demon appears!
You can no longer hurl Makhleb's greater destruction.
You block the ice beast's attack.
Your neqoxec closely misses the ice beast.
Your neqoxec closely misses the ice beast.
Fannar casts a spell at you.
The bolt of cold hits the ice beast.
The ice beast completely resists.
The bolt of cold hits you!
You die...

...#.....#
...#......##
..........P#
..........##
...........#
..........##
..........#
............#
..........@..#
..P..........##
............Y##
...P......##.3# #
..........##e## ##
...........YY# ..
^.$..........##
#.......>.........#
#.................#


You could see Fannar (fast, icy armour), 2 yaks, an ice beast (summoned, ally
target) and a friendly neqoxec (summoned).

Vanquished Creatures
  Erolcha (D:9)
  3 hydras
  Erica (D:8)
  An oklob plant (Lair:2)
  A centaur zombie (D:9)
  A black mamba (Lair:2)
  2 rime drakes
  6 cane toads
  7 komodo dragons
  A troll (D:9)
  Grinder (D:4)
  2 blink frogs (Lair:2)
  4 wyverns
  38 yaks
  A basilisk (Lair:1)
  The ghost of cavalnite the Skirmisher, an amateur GrBe of Trog (D:3)
  7 water moccasins
  4 orc warriors
  A sky beast (D:7)
  5 ice beasts
  6 necrophages
  An ogre (D:5)
  A centaur (D:9)
  2 wolves (Lair:3)
  7 black bears
  3 phantoms
  3 bullfrogs
  Blork the orc (D:3)
  A wyvern skeleton (D:7)
  5 scorpions
  6 wights
  5 howler monkeys
  A vampire bat (Lair:1)
  A quasit (D:9)
  2 bullfrog skeletons
  5 jellies
  3 orc priests
  Crazy Yiuf (D:4)
  8 hounds
  5 iguanas
  11 orc wizards
  5 worker ants
  2 mummies (D:7)
  2 worker ant zombies
  Robin (D:4)
  A gnoll (D:1)
  14 adders
  A shadow imp (D:6)
  4 ufetubi
  An ooze (D:2)
  3 worms (D:2)
  6 dart slugs
  4 leopard geckos
  38 orcs
  A ball python (D:1)
  17 bats
  11 giant cockroaches
  18 goblins
  11 hobgoblins
  10 jackals
  3 quokkas
  5 frilled lizards
  A jackal skeleton (D:6)
  2 kobolds
  A quokka zombie (D:6)
  4 rats
332 creatures vanquished.

Vanquished Creatures (collateral kills)
  3 oklob plants (Lair:2)
  A blink frog (Lair:2)
  A black bear (Lair:2)
  A wolf (Lair:3)
  A bullfrog (Lair:2)
7 creatures vanquished.

Vanquished Creatures (others)
  An orc wizard (D:2)
  11 fungi
  13 plants
  6 withered plants
31 creatures vanquished.

Grand Total: 370 creatures vanquished

Notes
Turn   | Place    | Note
-------+----------+-------------------------------------------
     0 | D:1      | funkygono the Gargoyle Fighter began the quest for the Orb.
     0 | D:1      | Reached XP level 1. HP: 14/14 MP: 1/1
    87 | D:1      | Reached XP level 2. HP: 19/19 MP: 2/2
   462 | D:1      | Reached XP level 3. HP: 24/24 MP: 3/3
  1111 | D:2      | Noticed an ice beast
  1122 | D:2      | Killed an ice beast
  1123 | D:2      | Reached skill level 3 in Maces & Flails
  1123 | D:2      | Reached XP level 4. HP: 29/29 MP: 4/4
  1123 | D:2      | Reached XP level 5. HP: 33/33 MP: 5/5
  2174 | D:2      | Reached XP level 6. HP: 36/38 MP: 6/6
  3029 | D:3      | Reached skill level 4 in Maces & Flails
  3306 | D:3      | Found a runed translucent door.
  3306 | D:3      | Noticed cavalnite's ghost (amateur GrBe)
  3533 | D:3      | Killed cavalnite's ghost
  3534 | D:3      | Reached skill level 1 in Dodging
  3534 | D:3      | Reached skill level 5 in Shields
  3773 | D:4      | Reached XP level 7. HP: 42/44 MP: 5/7
  3825 | D:4      | Noticed Blork the orc
  3836 | D:4      | Noticed Grinder
  3875 | D:3      | Killed Blork the orc
  4013 | D:4      | Noticed Robin
  4031 | D:4      | Reached skill level 5 in Armour
  4037 | D:4      | Killed Robin
  4060 | D:4      | Paralysed by Grinder for 2 turns
  4096 | D:4      | Paralysed by Grinder for 2 turns
  4102 | D:4      | Paralysed by Grinder for 4 turns
  4107 | D:4      | Killed Grinder
  4108 | D:4      | Reached skill level 5 in Maces & Flails
  4440 | D:4      | Found a sparkling altar of Nemelex Xobeh.
  4490 | D:4      | Found a sacrificial altar of Ru.
  4626 | D:4      | Found a runed translucent door.
  4627 | D:4      | Noticed Crazy Yiuf
  4633 | D:4      | Killed Crazy Yiuf
  4634 | D:4      | Reached XP level 8. HP: 48/48 MP: 8/8
  4702 | D:4      | Found a runed translucent gate.
  4702 | D:4      | Found a runed translucent gate.
  4702 | D:4      | Found a runed translucent gate.
  4703 | D:4      | Noticed p0werm0de's ghost (amateur GrFi)
  4703 | D:4      | Noticed Tramtrist's ghost (amateur DDFi)
  4703 | D:4      | Noticed p0werm0de's ghost (amateur GrFi)
  4703 | D:4      | Noticed p0werm0de's ghost (amateur GrFi)
  4745 | D:4      | Found Ideavvioll's Jewellery Shoppe.
  4916 | D:5      | Entered Level 5 of the Dungeon
  4916 | D:5      | Found a shimmering altar of Xom.
  5031 | D:5      | Reached skill level 5 in Fighting
  5343 | D:5      | Reached skill level 6 in Maces & Flails
  6281 | D:6      | Found a burning altar of Makhleb.
  6286 | D:6      | Reached XP level 9. HP: 54/54 MP: 9/9
  6298 | D:6      | Reached skill level 7 in Maces & Flails
  6451 | D:6      | Found a burning altar of Makhleb.
  6458 | D:6      | Became a worshipper of Makhleb the Destroyer
  6693 | D:6      | Found a snail-covered altar of Cheibriados.
  6987 | D:7      | Reached * piety under Makhleb
  7004 | D:7      | Reached skill level 8 in Maces & Flails
  7394 | D:7      | Found a staircase to the Ecumenical Temple.
  7532 | D:7      | Reached XP level 10. HP: 56/60 MP: 10/10
  7815 | D:7      | Reached skill level 9 in Maces & Flails
  8031 | D:8      | Found a transporter.
  8085 | D:8      | Noticed Erica
  8109 | D:8      | Killed Erica
  8114 | D:8      | Found a broken altar of Ashenzari.
  8171 | D:8      | Reached ** piety under Makhleb
  8348 | D:8      | Noticed a deep elf pyromancer
  8351 | D:8      | Noticed a boulder beetle
  8352 | D:8      | Noticed a two-headed ogre
  8632 | D:9      | Noticed Erolcha
  8663 | D:9      | Killed Erolcha
  8769 | D:9      | Found a staircase to the Lair.
  8781 | D:9      | Reached skill level 10 in Maces & Flails
  8781 | D:9      | Reached skill level 1 in Invocations
  9046 | D:9      | Reached skill level 10 in Shields
  9051 | D:9      | Found an ancient bone altar of Kikubaaqudgha.
  9245 | D:9      | Reached XP level 11. HP: 64/67 MP: 9/12
  9394 | D:9      | Found an opulent altar of Gozag.
  9394 | D:9      | Found a white marble altar of Elyvilon.
  9400 | D:9      | Found a faded altar of an unknown god.
  9402 | D:9      | Found a stormy altar of Qazlal.
  9411 | D:9      | Found a radiant altar of Vehumet.
 10021 | D:9      | Identified a scroll of acquirement
 10021 | D:9      | Acquired 1349 gold pieces
 10025 | D:9      | Upgraded the game from 0.27-a0-668-gb5737ff2c0 to
                  | 0.27-a0-679-g77a6b55cf3
 10115 | Lair:1   | Entered Level 1 of the Lair of Beasts
 10156 | Lair:1   | Reached *** piety under Makhleb
 10319 | Lair:1   | Noticed a four-headed hydra
 10334 | Lair:1   | Killed a four-headed hydra
 10517 | Lair:1   | Reached skill level 5 in Invocations
 10592 | Lair:1   | You fall into a shaft and drop 1 floor!
 10623 | Lair:2   | Reached skill level 11 in Maces & Flails
 10848 | Lair:2   | Reached XP level 12. HP: 72/73 MP: 17/17
 11135 | Lair:1   | Reached **** piety under Makhleb
 11305 | Lair:1   | You fall into a shaft and drop 1 floor!
 13709 | Lair:3   | Reached skill level 1 in Evocations
 13717 | Lair:3   | Reached skill level 12 in Maces & Flails
 13793 | Lair:3   | Noticed an eight-headed hydra
 13811 | Lair:3   | Killed an eight-headed hydra
 13847 | Lair:3   | Noticed a seven-headed hydra
 13888 | Lair:3   | Killed a seven-headed hydra
 14310 | Lair:3   | Noticed Fannar
 14365 | Lair:3   | Killed from afar by Fannar

Illustrated notes

Levels and vault maps discovered:
D:1:      ncdulo_lavacross, layout_basic
D:2:      minmay_roachtagon, layout_loops_corners, minivault_5
D:3:      layout_basic, gammafunk_ghost_grave
D:4:      layout_cave_pools, nemelex_xobeh_ov_fountains_minmay,
          nicolae_ru_great_annihilating_truth, gammafunk_ghost_cemetery,
          serial_shops, kennysheep_mini_moat, uniq_crazy_yiuf_cottage,
          uniq_robin, uniq_blork_the_orc, uniq_grinder
D:5:      layout_rooms, xom_teletrap_fun
D:6:      layout_loops_ring, bloody_makhleb, lemuel_coloured_pillars_altar,
          ebering_dispersal_statue_hall, st_stairs_1,
          hangedman_abyss_or_decor_stagger, minmay_misc_feat_tiny, nrook_uturn,
          minmay_ruined_shrine
D:7:      layout_basic, minmay_temple_entry_drinking_statues, serial_undead,
          serial_undead_b, serial_undead_f, serial_undead_d, serial_undead_c,
          serial_undead_f
D:8:      gammafunk_the_bubble [the_bubble_gammafunk_crates], layout_rooms,
          basic_altar, uniq_erica
D:9:      layout_stronghold, old_standard_altar,
          chequers_temple_overflow_minitemple, david_lair_generic, uniq_erolcha
Lair:1:   layout_concentric_octagons, roderic_batcave,
          infiniplex_staircase_pool_2
Lair:2:   layout_cave_shapes, st_stairs_7, serial_bayou_shore_b,
          minmay_lair_oklob_chamber, grunt_megastairs_4
Lair:3:   layout_gridlike, grunt_megastairs_5, uniq_fannar

Skill      XL: |  1  2  3  4  5  6  7  8  9 10 11 12 |
---------------+-------------------------------------+-----
Fighting       | 4 5 6 7 9 |  9.3
Maces & Flails | 3 4 5 6 8 10 11 12 | 12.2
Armour         | 4 5 6 7 9 |  9.2
Shields        | 4 5 7 8 10 11 | 11.9
Dodging        | 1 2 3 |  3.2
Invocations    | 1 7 |  7.6
Evocations     | 1 |  1.8

Action                   |  1- 3 |  4- 6 |  7- 9 | 10-12 || total
-------------------------+-------+-------+-------+-------++-------
Melee: Flail             |    76 |   238 |       |       ||   314
       Mace              |       |    40 |   581 |   842 ||  1463
Invok: Minor Destruction |       |       |       |    85 ||    85
       Lesser Servant of |       |       |       |     6 ||     6
       Major Destruction |       |       |       |     1 ||     1
Evoke: Wand              |       |       |       |    31 ||    31
  Use: Scroll            |     2 |     7 |     9 |     7 ||    25
       Potion            |       |     2 |     3 |       ||     5
 Stab: Paralysed         |       |       |     1 |     6 ||     7
       Sleeping          |       |       |     4 |     1 ||     5
Armor: Scale mail        |    53 |       |       |       ||    53
       Chain mail        |    14 |   173 |   224 |       ||   411
       Shadow dragon sca |       |       |   191 |   505 ||   696
Dodge: Dodged            |    30 |    59 |   157 |   224 ||   470
Block: Kite shield       |    54 |   128 |   335 |   496 ||  1013

Table legend: (Time is in decaauts)
 A = Elapsed time spent in this place.
 B = Non-inter-level travel time spent in this place.
 C = Inter-level travel time spent in this place.
 D = Time resting spent in this place.
 E = Time spent auto-exploring this place.
 F = Levels seen in this place.
 G = Mean time per level.
                   A        B        C        D        E       F      G
               +--------+--------+--------+--------+--------+-----+--------+
         Total |  14622 |  14371 |    251 |    718 |   9925 |  12 | 1218.5 |
       Dungeon |  10417 |  10282 |    135 |    117 |   7431 |   9 | 1157.4 |
          Lair |   4204 |   4088 |    116 |    601 |   2494 |   3 | 1401.3 |
               +--------+--------+--------+--------+--------+-----+--------+

Top non-repeatable levels by time:
  Lair:2: 2498 daAuts
     D:9: 1621 daAuts
     D:2: 1582 daAuts
     D:3: 1385 daAuts
     D:7: 1166 daAuts
     D:6: 1120 daAuts
     D:4: 1082 daAuts
     D:1: 1079 daAuts
  Lair:1: 1041 daAuts
     D:5: 914 daAuts
  Lair:3: 664 daAuts
     D:8: 465 daAuts
